 Dungeon Crawl Stone Soup version 0.31-a0-640-g39d97e502b (webtiles) character file.

Game seed: 6610944994712966922

280 scionoferis the Magician (level 6, -5/45 HPs)
             Began as a Djinni Hedge Wizard on Aug 27, 2023.
             Slain by a kobold brigand
             ... wielding a +0 whip
              (6 damage)
             ... in a sewer.
             The game lasted 00:08:26 (1917 turns).

scionoferis the Magician (Djinni Hedge Wizard)      Turns: 1917, Time: 00:08:26

Health: -5/45      AC:  5    Str:  9    XL:     6   Next: 52%
Gold:   135        EV: 13    Int: 17    God:
                   SH:  0    Dex: 13

rFire   + + .        a - +0 dagger
rCold   x . .        (no shield)
rNeg    . . .        b - +0 robe
rPois   ∞            l - +0 helmet
rElec   .            (no cloak)
rCorr   .            (no gloves)
SInv    .            (boots unavailable)
Will    .....        (no amulet)
Stlth   ++           (no ring)
HPRegen 0.27/turn    (no ring)
MPRegen 0.00/turn

%: infuse magic (-6 HP)
@: flying
A: sickness immunity, fire resistance 2, cold vulnerability 1, float, innate
caster, HP casting, extra vitality 1, iridescent scales 1, subdued magic 1
a: no special abilities


You were in a sewer.
You visited 1 branch of the dungeon, and saw 3 of its levels.
You also visited: Sewer.

You collected 135 gold pieces.


Innate Abilities, Weirdness & Mutations

You are immune to sickness and miasma.
You are immune to poison.
Your flesh is very heat resistant. (rF++)
You are vulnerable to cold. (rC-)
You float through the air rather than walking.
You learn spells naturally, not from books.
Your magical power is your life essence.
You have superior vitality. (+4 MHP)
You are partially covered in iridescent scales. (AC +2)
Your spells are a little easier to cast, but a little less powerful.


   Skills:
 + Level 2.4 Fighting
 + Level 3.6 Dodging
 + Level 2.8 Stealth
 * Level 4.0 Spellcasting
 * Level 4.0 Conjurations
 * Level 4.0 Hexes
   Level 0.0 Charms
 * Level 4.0 Summonings
 * Level 4.0 Necromancy
 * Level 4.0 Translocations
 * Level 4.0 Transmutations
 * Level 4.0 Fire Magic
 * Level 4.0 Ice Magic
 * Level 4.0 Air Magic
 * Level 4.0 Earth Magic
 * Level 4.0 Poison Magic


You knew the following spells:

 Your Spells              Type           Power      Damage    Failure   Level
a - Magic Dart            Conj           52%        1d5       2%          1
b - Slow                  Hex            52%        N/A       2%          1
c - Blink                 Tloc           26%        N/A       3%          2
d - Call Imp              Summ           26%        N/A       3%          2
e - Mephitic Cloud        Conj/Pois/Air  13%        N/A       7%          3
f - Kiss of Death         Conj/Necr      52%        2d9       2%          1
g - Static Discharge      Conj/Air       26%        2-4/arc   3%          2
Your spell library was empty.

Inventory:

Hand Weapons
 a - a +0 dagger (weapon)
Missiles
 f - 6 curare-tipped darts
 g - 13 poisoned darts
Armour
 b - a +0 robe (worn)
 l - a +0 helmet (worn)
   (You found it on level 2 of the Dungeon)
Magical Staves
 i - a staff of earth
   (You found it on level 2 of the Dungeon)
Jewellery
 m - a ring of fire
   (You found it on level 3 of the Dungeon)
Talismans
 k - a talisman of death
   (You found it on level 2 of the Dungeon)
Scrolls
 e - a scroll of silence {unknown}
 h - a scroll of noise {unknown}
 j - a scroll of poison {unknown}
Potions
 c - 2 potions of degeneration {unknown}
 d - 3 potions of curing {unknown}
 n - a potion of heal wounds
 o - 2 potions of brilliance {unknown}
 p - a potion of invisibility {unknown}

Dungeon Overview and Level Annotations

Branches:
Dungeon (3/15)              Sewer (1/1)

Altars:

#....P###########.P
##...~..# #.~..~~~.
#.~..### ###~#~.~.
###### #~#....
########~#.... ###
#~~.#.##~#...P
#.###.~~.#..~#...÷
#.~#########~#~.~~
#@~~~~~~~~ #~#~~..
##K#########~#.~..
#..5P.#~#.~#~#...~
#..P.~#~#.~...~~~.
#.P~~~#~#.~.P~...~
#P~~.~#~#~..~~..~~
##.~~.#~#~..~#~##.
##.~......###÷###
##..~..#### #~#


You could see a kobold brigand (ally target) and a friendly cerulean imp
(summoned).


Message History

Press: ? - help, Q - select action, (/) - cycle Shift-Dir - straight line, f - rat
Aim: a rat (wandering, hasn't noticed you, 100% to hit)
The magic dart hits the rat.
The rat is severely wounded.
Unknown command.
A rat is nearby!
Aiming: Magic Dart (safe; 3% risk of failure)
Press: ? - help, Q - select action, (/) - cycle Shift-Dir - straight line, f/p - rat
Aim: a rat (severely wounded, 100% to hit)
The magic dart hits the rat.
You kill the rat!
Unknown command.
You see here an adder corpse.
Found an escape hatch in the floor.
Found a stone staircase leading down.
You see here a hobgoblin corpse.
You now have 125 gold pieces (gained 14).
You now have 135 gold pieces (gained 10).
Found a helmet.
Unknown command.
Found a talisman of death.
You see here a talisman of death.
You see here a talisman of death.
k - a talisman of death You see here a +0 helmet.
l - a +0 helmet You start removing your armour.
You continue taking off your +0 hat. x4
You finish taking off your +0 hat.
You start putting on your armour.
You continue putting on your +0 helmet. x5
You finish putting on your +0 helmet.
You drop a +0 hat.
c - 2 dark potions A kobold comes into view.
It is wielding a +0 dagger.
Aiming: Magic Dart (safe; 3% risk of failure)
Press: ? - help, Q - select action, (/) - cycle Shift-Dir - straight line, f - kobold
Aim: a kobold, wielding a +0 dagger (asleep, 100% to hit)
The magic dart hits the kobold.
The kobold is heavily wounded.
The kobold shouts!
Aiming: Magic Dart (safe; 3% risk of failure)
Press: ? - help, Q - select action, (/) - cycle Shift-Dir - straight line, f/p - kobold
Aim: a kobold, wielding a +0 dagger (heavily wounded, 100% to hit)
The magic dart hits the kobold.
You kill the kobold!
Unknown command.
Found a book of Winter.
Found a stone staircase leading down.
There is a stone staircase leading up here.
Done exploring.
Done exploring.
There is a stone staircase leading down here.
Search for what [Enter for "d:", or ? for help]? d: You fly downwards.
You hear the sound of rushing water.
There is an entrance to a sewer on this level.
Hurry and find it before the portal rusts away!
Found a scroll labelled MEGETE BOIGENARASS.
Found a glowing drain.
There is a stone staircase leading up here.
The adder hisses angrily. x2
Found an agate ring.
An endoplasm comes into view.
Aiming: Magic Dart (safe; 3% risk of failure)
Press: ? - help, Q - select action, (/) - cycle Shift-Dir - straight line, f - endoplasm
Aim: an endoplasm (asleep, 100% to hit)
The magic dart hits the endoplasm.
The endoplasm is heavily wounded.
The endoplasm quivers.
Aiming: Magic Dart (safe; 3% risk of failure)
Press: ? - help, Q - select action, (/) - cycle Shift-Dir - straight line, f/p - endoplasm
Aim: an endoplasm (heavily wounded, 100% to hit)
You miscast Magic Dart.
You are very lightly contaminated with residual magic.
Nothing appears to happen.
Aiming: Magic Dart (safe; 3% risk of failure)
Press: ? - help, Q - select action, (/) - cycle Shift-Dir - straight line, f/p - endoplasm
Aim: an endoplasm (heavily wounded, 100% to hit)
The magic dart hits the endoplasm.
The endoplasm is almost dead.
Unknown command.
Aiming: Magic Dart (safe; 3% risk of failure)
Press: ? - help, Q - select action, (/) - cycle Shift-Dir - straight line, f/p - endoplasm
Aim: an endoplasm (almost dead, 100% to hit)
The magic dart hits the endoplasm.
You kill the endoplasm!
Unknown command.
Your magical contamination has completely faded away.
m - a ring of fire
There are no items here.
Found 2 puce potions.
The giant cockroach waves its antennae.
As you open the door, it creaks loudly! The adder misses you.
Unknown command.
Casting: Magic Dart (safe; 3% risk of failure)
Confirm with . or Enter, or press ? or * to list all spells.
Aiming: Mephitic Cloud (quite dangerous; 11% risk of failure)
Press: ? - help, Shift-Dir - straight line, f - adder
Aim: an adder (chance to affect: 91%)
The ball explodes into a vile cloud!
The stinking cloud engulfs the adder but does no damage.
The stinking cloud engulfs the giant cockroach but does no damage.
The stinking cloud engulfs you but does no damage.
The stinking cloud engulfs the giant cockroach but does no damage.
The adder is engulfed in noxious fumes.
The adder appears confused.
Aiming: Magic Dart (safe; 3% risk of failure)
Press: ? - help, Q - select action, (/) - cycle Shift-Dir - straight line, f/p - adder
Aim: an adder (noxious fumes, confused, 100% to hit)
The magic dart hits the adder.
The adder is lightly wounded.
The adder is engulfed in noxious fumes.
The adder appears confused.
The adder is engulfed in noxious fumes.
The adder appears confused.
Aiming: Magic Dart (safe; 3% risk of failure)
Press: ? - help, Q - select action, (/) - cycle Shift-Dir - straight line, f/p - adder
Aim: an adder (noxious fumes, lightly wounded, confused, 100% to hit)
The magic dart hits the adder.
The adder is lightly wounded.
The adder is engulfed in noxious fumes.
The adder appears confused.
You hit the adder but do no damage.
The adder is lightly wounded.
A giant cockroach comes into view.
You hit the adder.
The adder is moderately wounded.
You hit the adder but do no damage.
The adder is moderately wounded.
The adder closely misses you. The adder bites you.
The giant cockroach bites you but does no damage.
The adder misses the giant cockroach.
Something closely misses the giant cockroach.
Something misses the adder.
You closely miss the giant cockroach.
The giant cockroach bites you but does no damage. x2
Casting: Magic Dart (safe; 3% risk of failure)
Confirm with . or Enter, or press ? or * to list all spells.
You don't know that spell.
Casting: Magic Dart (safe; 3% risk of failure)
Confirm with . or Enter, or press ? or * to list all spells.
Aiming: Mephitic Cloud (quite dangerous; 11% risk of failure)
Press: ? - help, Shift-Dir - straight line, f - giant cockroach
Aim: a giant cockroach (chance to affect: 96%)
Okay, then.
Unknown command.
Casting: Mephitic Cloud (quite dangerous; 11% risk of failure)
Confirm with . or Enter, or press ? or * to list all spells.
A tiny devil pulls itself out of the air.
The giant cockroach barely misses you.
Press: ? - help, v - describe, . - travel
Here: a cerulean imp, wielding a -3 spear (summoned, friendly)
The floor.
Unknown command.
Your cerulean imp hits the giant cockroach from afar with a -3 spear.
You hit the giant cockroach.
The giant cockroach is severely wounded.
The giant cockroach bites you but does no damage.
Your cerulean imp barely misses the giant cockroach.
You hit the giant cockroach but do no damage.
The giant cockroach is severely wounded.
The giant cockroach bites you but does no damage.
Your cerulean imp barely misses the giant cockroach.
You hit the giant cockroach.
The giant cockroach is almost dead.
The giant cockroach bites you but does no damage.
The giant cockroach closely misses you.
Your cerulean imp hits the giant cockroach but does no damage.
You hit the giant cockroach.
You kill the giant cockroach!
Your cerulean imp closely misses the adder.
You closely miss the adder. The adder bites you but does no damage.
The adder closely misses you.
Your cerulean imp hits the adder from afar with a -3 spear.
You hit the adder.
The adder is severely wounded.
The adder barely misses you.
Your cerulean imp misses the adder.
You barely miss the adder.
The adder is severely wounded.
The adder misses you.
Your cerulean imp hits the adder from afar with a -3 spear.
You hit the adder.
You kill the adder!
Your cerulean imp hits the giant cockroach from afar with a -3 spear.
You closely miss the giant cockroach.
The giant cockroach is severely wounded.
You hear the slow rusting of a drain very nearby.
The giant cockroach barely misses you.
Your cerulean imp hits the giant cockroach but does no damage.
You hit the giant cockroach but do no damage.
The giant cockroach is severely wounded.
The giant cockroach bites you but does no damage.
Your cerulean imp hits the giant cockroach from afar with a -3 spear.
The giant cockroach dies!
You see here a giant cockroach corpse.
A rat comes into view.
Your cerulean imp closely misses the giant cockroach.
There is an open door here.
You hit the giant cockroach.
The giant cockroach is severely wounded.
The giant cockroach bites you.
Your cerulean imp hits the giant cockroach with a -3 spear.
The giant cockroach dies!
You hit the rat but do no damage.
Your cerulean imp hits the rat with a -3 spear.
The rat dies!
You see here a giant cockroach corpse.
There is an open door here.
There is a glowing drain here.
The world spins around you as you enter the gateway.
You enter a sewer!
Found a gate leading back out of this place.
There is an empty arch of ancient stone here.
An adder comes into view.
There is an empty arch of ancient stone here.
There is a gate leading back out of this place here.
You hit the plant.
The plant begins to die.
The plant is lightly damaged.
You hit the plant but do no damage.
The plant is lightly damaged.
You hit the plant.
The plant is lightly damaged.
You hit the plant but do no damage.
The plant is lightly damaged.
A nearby plant withers and dies.
You hit the plant.
The plant begins to die.
The plant is lightly damaged.
You hit the plant but do no damage.
The plant is lightly damaged.
You hit the plant.
The plant is lightly damaged.
You hit the plant.
The plant is lightly damaged.
A nearby plant withers and dies.
The jackal barks!
The adder hisses angrily.
You hear a bark!
You hear an angry hiss.
The kobold shouts!
You hit the adder but do no damage. The adder misses you.
You hit the adder.
The adder is lightly wounded.
The adder bites you but does no damage.
You hear a splashing noise.
Casting: Call Imp (safe; 4% risk of failure)
Confirm with . or Enter, or press ? or * to list all spells.
A tiny devil pulls itself out of the air.
The adder barely misses you. The adder closely misses you.
You hit the adder but do no damage.
The adder is lightly wounded.
The adder closely misses you.
You barely miss the adder.
The adder is lightly wounded.
The adder closely misses you.
Your cerulean imp closely misses the adder.
You hit the adder.
The adder is moderately wounded.
The adder bites you.
Your cerulean imp closely misses the adder.
The adder bites you.
You hit the adder but do no damage.
The adder is moderately wounded.
A jackal comes into view.
The jackal bites you but does no damage.
The adder closely misses you.
Your cerulean imp hits the adder but does no damage.
The jackal misses you.
Casting: Call Imp (safe; 4% risk of failure)
Confirm with . or Enter, or press ? or * to list all spells.
Aiming: Kiss of Death (safe; 3% risk of failure)
Press: ? - help, Shift-Dir - straight line, f - adder
Aim: an adder (moderately wounded, ally target, 100% to hit)
The negative energy hits the adder!
The adder is drained!
You kill the adder!
You feel drained. The jackal completely misses you.
Your cerulean imp closely misses the jackal.
You closely miss the jackal.
The jackal bites you but does no damage.
Your cerulean imp hits the jackal but does no damage.
The jackal closely misses you. The jackal barely misses you.
You closely miss the jackal. The jackal misses you.
The jackal bites you but does no damage.
Your cerulean imp hits the jackal but does no damage.
You hit the jackal.
The jackal is almost dead.
The jackal bites you but does no damage. x2
Your cerulean imp hits the jackal from afar with a -3 spear.
The jackal dies!
You hit the jackal but do no damage.
The jackal bites you but does no damage.
Your cerulean imp hits the jackal from afar with a -3 spear.
The jackal bites you but does no damage.
You barely miss the jackal.
The jackal is moderately wounded.
The jackal closely misses you.
Your cerulean imp misses the jackal.
You hit the jackal.
The jackal is heavily wounded.
The jackal barely misses you.
Your cerulean imp hits the jackal but does no damage.
The jackal barely misses you.
You hit the jackal but do no damage.
The jackal is heavily wounded.
The jackal closely misses you.
Your cerulean imp closely misses the jackal.
You closely miss the jackal.
The jackal is heavily wounded.
The jackal closely misses you.
Your cerulean imp closely misses the jackal.
You hit the jackal.
The jackal is severely wounded.
The jackal bites you but does no damage.
Your cerulean imp hits the jackal from afar with a -3 spear.
The jackal bites your cerulean imp.
Your cerulean imp misses the jackal.
You see here an adder corpse.
You barely miss the jackal.
The jackal is severely wounded.
The jackal bites you but does no damage.
Your cerulean imp closely misses the jackal.
The jackal barely misses you.
You hit the jackal.
The jackal is almost dead.
The jackal bites you but does no damage.
Your cerulean imp barely misses the jackal.
You closely miss the jackal. Your punch misses the jackal.
The jackal is almost dead.
The jackal closely misses you.
Your cerulean imp hits the jackal with a -3 spear.
The jackal dies!
Your Dodging skill increases to level 3!
You start waiting.
A kobold is nearby!
Your cerulean imp misses the kobold.
Your cerulean imp closely misses the kobold.
The kobold barely misses you.
There is a gate leading back out of this place here.
You hit the kobold but do no damage.
Your cerulean imp hits the kobold with a -3 spear.
The kobold dies!
Your cerulean imp disappears in a puff of smoke!
There is an empty arch of ancient stone here.
Things that are here:
a +0 club; a kobold corpse A river rat comes into view.
A frilled lizard comes into view.
Aiming: Magic Dart (safe; 3% risk of failure)
Press: ? - help, Q - select action, (/) - cycle Shift-Dir - straight line, f - frilled lizard
Aim: a frilled lizard (wandering, hasn't noticed you, 100% to hit)
You miscast Magic Dart.
You are very lightly contaminated with residual magic.
Nothing appears to happen.
The frilled lizard hisses angrily.
Aiming: Magic Dart (safe; 3% risk of failure)
Press: ? - help, Q - select action, (/) - cycle Shift-Dir - straight line, f - river rat, p - frilled lizard
Aim: a river rat (100% to hit)
The magic dart hits the river rat.
The river rat is lightly wounded.
Aiming: Magic Dart (safe; 3% risk of failure)
Press: ? - help, Q - select action, (/) - cycle Shift-Dir - straight line, f/p - river rat
Aim: a river rat (lightly wounded, 100% to hit)
The magic dart hits the river rat.
The river rat is moderately wounded.
Aiming: Magic Dart (safe; 3% risk of failure)
Press: ? - help, Q - select action, (/) - cycle Shift-Dir - straight line, f - frilled lizard
Aim: a frilled lizard (100% to hit)
The magic dart hits the frilled lizard.
You kill the frilled lizard!
Unknown command.
Casting: Magic Dart (safe; 3% risk of failure)
Confirm with . or Enter, or press ? or * to list all spells.
A tiny devil pulls itself out of the air.
Your cerulean imp hits the river rat but does no damage.
Aiming: Magic Dart (safe; 3% risk of failure)
Press: ? - help, Q - select action, (/) - cycle Shift-Dir - straight line, f - river rat
Aim: a river rat (moderately wounded, ally target, 100% to hit)
The magic dart hits the river rat.
The river rat is heavily wounded.
Your cerulean imp hits the river rat with a -3 spear.
Your magical contamination has completely faded away.
You hit the river rat but do no damage.
The river rat is heavily wounded.
The river rat bites you!
Your cerulean imp closely misses the river rat.
You hit the river rat.
The river rat is severely wounded.
The river rat closely misses you.
Your cerulean imp completely misses the river rat.
A frilled lizard comes into view.
You hit the river rat but do no damage.
The river rat is severely wounded.
The river rat misses you.
Your cerulean imp hits the river rat with a -3 spear.
You hit the river rat.
You kill the river rat!
You have reached level 5!
The power to cast Static Discharge wells up from within.
Spell assigned to 'g'.
Aiming: Magic Dart (safe; 3% risk of failure)
Press: ? - help, Q - select action, (/) - cycle Shift-Dir - straight line, f - frilled lizard
Aim: a frilled lizard (ally target, 100% to hit)
The magic dart hits the frilled lizard.
You kill the frilled lizard!
Unknown command.
You start resting.
A rat comes into view.
Your cerulean imp hits the rat with a -3 spear.
The rat bites your cerulean imp.
Your cerulean imp closely misses the rat.
The rat bites your cerulean imp.
Your cerulean imp hits the rat with a -3 spear.
The rat dies!
You start resting.
Your cerulean imp disappears in a puff of smoke!
HP restored.
You see here a river rat corpse.
A rat comes into view.
Aiming: Magic Dart (safe; 3% risk of failure)
Press: ? - help, Q - select action, (/) - cycle Shift-Dir - straight line, f - rat
Aim: a rat (wandering, hasn't noticed you, 100% to hit)
The magic dart hits the rat but does no damage.
Unknown command.
Aiming: Magic Dart (safe; 3% risk of failure)
Press: ? - help, Q - select action, (/) - cycle Shift-Dir - straight line, f/p - rat
Aim: a rat (100% to hit)
The magic dart hits the rat.
You kill the rat!
Unknown command.
An adder comes into view.
Aiming: Magic Dart (safe; 3% risk of failure)
Press: ? - help, Q - select action, (/) - cycle Shift-Dir - straight line, f - adder
Aim: an adder (asleep, 100% to hit)
The magic dart hits the adder but does no damage.
The adder hisses angrily.
Aiming: Magic Dart (safe; 3% risk of failure)
Press: ? - help, Q - select action, (/) - cycle Shift-Dir - straight line, f/p - adder
Aim: an adder (100% to hit)
The magic dart hits the adder.
The adder is moderately wounded.
Unknown command.
Aiming: Magic Dart (safe; 3% risk of failure)
Press: ? - help, Q - select action, (/) - cycle Shift-Dir - straight line, f/p - adder
Aim: an adder (moderately wounded, 100% to hit)
The magic dart hits the adder.
The adder is moderately wounded.
The adder bites you but does no damage.
You barely miss the adder.
The adder is moderately wounded.
The adder bites you.
You closely miss the adder.
The adder is moderately wounded.
The adder barely misses you.
You hit the adder.
The adder is heavily wounded.
The adder barely misses you. The adder bites you but does no damage.
You miss the adder.
The adder is heavily wounded.
The adder completely misses you.
You barely miss the adder.
The adder is heavily wounded.
The adder bites you.
You hit the adder but do no damage.
The adder is heavily wounded.
The adder closely misses you. The adder barely misses you.
You hit the adder but do no damage.
The adder is heavily wounded.
The adder bites you but does no damage.
You hit the adder.
The adder is almost dead.
The adder barely misses you.
You miss the adder.
The adder is almost dead.
The adder closely misses you.
Aiming: Magic Dart (safe; 3% risk of failure)
Press: ? - help, Q - select action, (/) - cycle Shift-Dir - straight line, f/p - adder
Aim: an adder (almost dead, 100% to hit)
The magic dart hits the adder.
You kill the adder!
Unknown command.
A kobold comes into view. It is wielding a +0 short sword.
Aiming: Magic Dart (safe; 2% risk of failure)
Press: ? - help, Q - select action, (/) - cycle Shift-Dir - straight line, f - kobold
Aim: a kobold, wielding a +0 short sword (asleep, 100% to hit)
Your line of fire to the kobold is blocked by a plant.
Unknown command.
Aiming: Magic Dart (safe; 2% risk of failure)
Press: ? - help, Q - select action, (/) - cycle Shift-Dir - straight line, p - kobold The magic dart hits the kobold.
The kobold is moderately wounded.
The kobold shouts!
Aiming: Magic Dart (safe; 2% risk of failure)
Press: ? - help, Q - select action, (/) - cycle Shift-Dir - straight line The magic dart hits the kobold.
You kill the kobold!
A rat comes into view.
Unknown command.
Aiming: Magic Dart (safe; 2% risk of failure)
Press: ? - help, Q - select action, (/) - cycle Shift-Dir - straight line, f - rat
Aim: a rat (wandering, hasn't noticed you, 100% to hit)
The magic dart hits the rat.
You kill the rat!
Unknown command.
Found a gate leading back out of this place.
The kobold shouts!
An adder comes into view.
Aiming: Magic Dart (safe; 2% risk of failure)
Press: ? - help, Q - select action, (/) - cycle Shift-Dir - straight line, f - kobold
Aim: a kobold, wielding a +0 dagger (100% to hit)
The magic dart hits the kobold.
The kobold is moderately wounded.
The adder hisses angrily.
Aiming: Magic Dart (safe; 2% risk of failure)
Press: ? - help, Q - select action, (/) - cycle Shift-Dir - straight line, f - adder, p - kobold
Aim: an adder (100% to hit)
The magic dart hits the adder.
The adder is heavily wounded.
Unknown command.
Aiming: Magic Dart (safe; 2% risk of failure)
Press: ? - help, Q - select action, (/) - cycle Shift-Dir - straight line, f/p - adder
Aim: an adder (water, heavily wounded, 100% to hit)
The magic dart hits the adder.
The adder is heavily wounded.
The adder closely misses you.
You closely miss the adder.
The adder is heavily wounded.
The adder bites you but does no damage.
You hit the adder but do no damage.
The adder is heavily wounded.
The adder misses you.
You barely miss the adder.
The adder is heavily wounded.
The adder barely misses you. The adder closely misses you.
Aiming: Magic Dart (safe; 2% risk of failure)
Press: ? - help, Q - select action, (/) - cycle Shift-Dir - straight line, f/p - adder
Aim: an adder (water, heavily wounded, 100% to hit)
The magic dart hits the adder.
The adder is severely wounded.
The adder bites you.
Aiming: Magic Dart (safe; 2% risk of failure)
Press: ? - help, Q - select action, (/) - cycle Shift-Dir - straight line, f/p - adder
Aim: an adder (water, severely wounded, 100% to hit)
The magic dart hits the adder.
You kill the adder!
Your life force feels restored.
An adder comes into view.
A kobold brigand comes into view.
It is wielding a +0 short sword and quivering curare-tipped darts.
You see here a potion of heal wounds.
n - a potion of heal wounds The adder hisses angrily.
The adder barely misses you.
You barely miss the adder. The adder bites you but does no damage.
You hit the adder.
The adder is lightly wounded.
The adder bites you but does no damage.
You hit the adder.
The adder is heavily wounded.
The adder closely misses you. The adder misses you.
You hit the adder.
The adder is almost dead.
The adder bites you but does no damage.
You hit the adder.
The adder is almost dead.
The adder bites you but does no damage.
You closely miss the adder.
The adder is almost dead.
The adder bites you but does no damage. The adder barely misses you.
You miss the adder.
The adder is almost dead.
The adder closely misses you.
You barely miss the adder.
The adder is almost dead.
The adder barely misses you.
You hit the adder.
You kill the adder!
A river rat comes into view.
You hit the plant.
The plant begins to die.
The plant is lightly damaged.
A nearby plant withers and dies.
A ball python comes into view.
The ball python hisses angrily.
You hit the ball python.
You kill the ball python!
The kobold brigand shouts!
Aiming: Magic Dart (safe; 2% risk of failure)
Press: ? - help, Q - select action, (/) - cycle Shift-Dir - straight line, f - kobold brigand
Aim: a kobold brigand, wielding a +0 short sword and quivering curare-tipped darts (100% to hit)
The magic dart hits the kobold brigand.
The kobold brigand is lightly wounded.
Aiming: Magic Dart (safe; 2% risk of failure)
Press: ? - help, Q - select action, (/) - cycle Shift-Dir - straight line, f/p - kobold brigand
Aim: a kobold brigand, wielding a +0 short sword and quivering curare-tipped darts (lightly wounded, 100% to hit)
The magic dart hits the kobold brigand but does no damage.
The kobold brigand is lightly wounded.
Aiming: Magic Dart (safe; 2% risk of failure)
Press: ? - help, Q - select action, (/) - cycle Shift-Dir - straight line, f/p - kobold brigand
Aim: a kobold brigand, wielding a +0 short sword and quivering curare-tipped darts (lightly wounded, 100% to hit)
The magic dart hits the kobold brigand.
The kobold brigand is lightly wounded.
The kobold brigand throws a curare-tipped dart.
The curare-tipped dart hits you.
Aiming: Magic Dart (safe; 2% risk of failure)
Press: ? - help, Q - select action, (/) - cycle Shift-Dir - straight line, f/p - kobold brigand
Aim: a kobold brigand, wielding a +0 short sword and quivering curare-tipped darts (lightly wounded, 100% to hit)
The magic dart hits the kobold brigand.
The kobold brigand is lightly wounded.
Aiming: Magic Dart (safe; 2% risk of failure)
Press: ? - help, Q - select action, (/) - cycle Shift-Dir - straight line, f/p - kobold brigand
Aim: a kobold brigand, wielding a +0 short sword and quivering curare-tipped darts (lightly wounded, 100% to hit)
The magic dart hits the kobold brigand.
The kobold brigand is moderately wounded.
Aiming: Magic Dart (safe; 2% risk of failure)
Press: ? - help, Q - select action, (/) - cycle Shift-Dir - straight line, f/p - kobold brigand
Aim: a kobold brigand, wielding a +0 short sword and quivering curare-tipped darts (moderately wounded, 100% to hit)
The magic dart hits the kobold brigand but does no damage.
The kobold brigand is moderately wounded.
Aiming: Magic Dart (safe; 2% risk of failure)
Press: ? - help, Q - select action, (/) - cycle Shift-Dir - straight line, f/p - kobold brigand
Aim: a kobold brigand, wielding a +0 short sword and quivering curare-tipped darts (moderately wounded, 100% to hit)
The magic dart hits the kobold brigand.
The kobold brigand is moderately wounded.
Aiming: Magic Dart (safe; 2% risk of failure)
Press: ? - help, Q - select action, (/) - cycle Shift-Dir - straight line, f/p - kobold brigand
Aim: a kobold brigand, wielding a +0 short sword and quivering curare-tipped darts (moderately wounded, 100% to hit)
You miscast Magic Dart.
You are very lightly contaminated with residual magic.
Nothing appears to happen.
Aiming: Magic Dart (safe; 2% risk of failure)
Press: ? - help, Q - select action, (/) - cycle Shift-Dir - straight line, f/p - kobold brigand
Aim: a kobold brigand, wielding a +0 short sword and quivering curare-tipped darts (moderately wounded, 100% to hit)
The magic dart hits the kobold brigand.
The kobold brigand is heavily wounded.
Aiming: Magic Dart (safe; 2% risk of failure)
Press: ? - help, Q - select action, (/) - cycle Shift-Dir - straight line, f/p - kobold brigand
Aim: a kobold brigand, wielding a +0 short sword and quivering curare-tipped darts (heavily wounded, 100% to hit)
The magic dart hits the kobold brigand but does no damage.
The kobold brigand is heavily wounded.
Aiming: Magic Dart (safe; 2% risk of failure)
Press: ? - help, Q - select action, (/) - cycle Shift-Dir - straight line, f/p - kobold brigand
Aim: a kobold brigand, wielding a +0 short sword and quivering curare-tipped darts (heavily wounded, 100% to hit)
The magic dart hits the kobold brigand.
The kobold brigand is heavily wounded.
The kobold brigand throws a curare-tipped dart.
The curare-tipped dart hits you.
Casting: Magic Dart (safe; 2% risk of failure)
Confirm with . or Enter, or press ? or * to list all spells.
A tiny devil pulls itself out of the air.
The kobold brigand throws a curare-tipped dart.
The curare-tipped dart barely misses you.
Aiming: Magic Dart (safe; 2% risk of failure)
Press: ? - help, Q - select action, (/) - cycle Shift-Dir - straight line, f/p - kobold brigand
Aim: a kobold brigand, wielding a +0 short sword and quivering curare-tipped darts (heavily wounded, ally target, 100% to hit)
The magic dart hits the kobold brigand.
The kobold brigand is severely wounded.
The kobold brigand throws a curare-tipped dart.
The curare-tipped dart misses you.
Your cerulean imp hits the kobold brigand from afar with a -3 spear.
Aiming: Magic Dart (safe; 2% risk of failure)
Press: ? - help, Q - select action, (/) - cycle Shift-Dir - straight line, f/p - kobold brigand
Aim: a kobold brigand, wielding a +0 short sword and quivering curare-tipped darts (severely wounded, ally target, 100% to hit)
The magic dart hits the kobold brigand.
The kobold brigand is severely wounded.
Your cerulean imp misses the kobold brigand.
Your magical contamination has completely faded away.
Aiming: Magic Dart (safe; 2% risk of failure)
Press: ? - help, Q - select action, (/) - cycle Shift-Dir - straight line, f/p - kobold brigand
Aim: a kobold brigand, wielding a +0 short sword and quivering curare-tipped darts (severely wounded, ally target, 100% to hit)
The magic dart hits the kobold brigand but does no damage.
The kobold brigand is severely wounded.
Your cerulean imp barely misses the kobold brigand.
Aiming: Magic Dart (safe; 2% risk of failure)
Press: ? - help, Q - select action, (/) - cycle Shift-Dir - straight line, f/p - kobold brigand
Aim: a kobold brigand, wielding a +0 short sword and quivering curare-tipped darts (severely wounded, ally target, 100% to hit)
The magic dart hits the kobold brigand.
The kobold brigand is almost dead.
Your cerulean imp hits the kobold brigand but does no damage.
Aiming: Magic Dart (safe; 2% risk of failure)
Press: ? - help, Q - select action, (/) - cycle Shift-Dir - straight line, f/p - kobold brigand
Aim: a kobold brigand, wielding a +0 short sword and quivering curare-tipped darts (almost dead, ally target, 100% to hit)
The magic dart hits the kobold brigand.
The kobold brigand is almost dead.
The kobold brigand throws a curare-tipped dart.
The curare-tipped dart hits you.
Your cerulean imp hits the kobold brigand from afar with a -3 spear.
The kobold brigand dies!
You hear a splash. x2
Your Fighting skill increases to level 2!
You have reached level 6!
You start resting.
Your cerulean imp disappears in a puff of smoke!
HP restored.
f - 6 curare-tipped darts (gained 1)
You see here a +0 short sword.
A kobold comes into view. It is wielding a +0 club.
The kobold moves out of view.
o - 2 purple potions A kobold brigand comes into view.
It is wielding a +0 whip and quivering poisoned darts.
The kobold brigand shouts!
Aiming: Magic Dart (safe; 2% risk of failure)
Press: ? - help, Q - select action, (/) - cycle Shift-Dir - straight line, f - kobold brigand
Aim: a kobold brigand, wielding a +0 whip and quivering poisoned darts (100% to hit)
The magic dart hits the kobold brigand.
The kobold brigand is lightly wounded.
The kobold brigand throws a poisoned dart.
The poisoned dart barely misses you.
The poisoned dart hits the plant!
The plant is poisoned.
The plant begins to die.
You start waiting.
A nearby plant withers and dies.
Aiming: Magic Dart (safe; 2% risk of failure)
Press: ? - help, Q - select action, (/) - cycle Shift-Dir - straight line, f/p - kobold brigand
Aim: a kobold brigand, wielding a +0 whip and quivering poisoned darts (lightly wounded, 100% to hit)
The magic dart hits the kobold brigand.
The kobold brigand is moderately wounded.
Aiming: Magic Dart (safe; 2% risk of failure)
Press: ? - help, Q - select action, (/) - cycle Shift-Dir - straight line, f/p - kobold brigand
Aim: a kobold brigand, wielding a +0 whip and quivering poisoned darts (moderately wounded, 100% to hit)
The magic dart hits the kobold brigand.
The kobold brigand is moderately wounded.
Aiming: Magic Dart (safe; 2% risk of failure)
Press: ? - help, Q - select action, (/) - cycle Shift-Dir - straight line, f/p - kobold brigand
Aim: a kobold brigand, wielding a +0 whip and quivering poisoned darts (moderately wounded, 100% to hit)
The magic dart hits the kobold brigand.
The kobold brigand is heavily wounded.
The kobold brigand throws a poisoned dart.
The poisoned dart closely misses you.
Aiming: Magic Dart (safe; 2% risk of failure)
Press: ? - help, Q - select action, (/) - cycle Shift-Dir - straight line, f/p - kobold brigand
Aim: a kobold brigand, wielding a +0 whip and quivering poisoned darts (moderately wounded, 100% to hit)
The magic dart hits the kobold brigand.
The kobold brigand is heavily wounded.
The kobold brigand throws a poisoned dart.
The poisoned dart barely misses you.
Unknown command.
Unknown command.
Aiming: Magic Dart (safe; 2% risk of failure)
Press: ? - help, Q - select action, (/) - cycle Shift-Dir - straight line, f/p - kobold brigand
Aim: a kobold brigand, wielding a +0 whip and quivering poisoned darts (heavily wounded, 100% to hit)
The magic dart hits the kobold brigand but does no damage.
The kobold brigand is heavily wounded.
Aiming: Magic Dart (safe; 2% risk of failure)
Press: ? - help, Q - select action, (/) - cycle Shift-Dir - straight line, f/p - kobold brigand
Aim: a kobold brigand, wielding a +0 whip and quivering poisoned darts (moderately wounded, 100% to hit)
The magic dart hits the kobold brigand but does no damage.
The kobold brigand is moderately wounded.
Aiming: Magic Dart (safe; 2% risk of failure)
Press: ? - help, Q - select action, (/) - cycle Shift-Dir - straight line, f/p - kobold brigand
Aim: a kobold brigand, wielding a +0 whip and quivering poisoned darts (moderately wounded, 100% to hit)
The magic dart hits the kobold brigand.
The kobold brigand is heavily wounded.
Aiming: Magic Dart (safe; 2% risk of failure)
Press: ? - help, Q - select action, (/) - cycle Shift-Dir - straight line, f/p - kobold brigand
Aim: a kobold brigand, wielding a +0 whip and quivering poisoned darts (heavily wounded, 100% to hit)
The magic dart hits the kobold brigand.
The kobold brigand is heavily wounded.
Aiming: Magic Dart (safe; 2% risk of failure)
Press: ? - help, Q - select action, (/) - cycle Shift-Dir - straight line, f/p - kobold brigand
Aim: a kobold brigand, wielding a +0 whip and quivering poisoned darts (heavily wounded, 100% to hit)
The magic dart hits the kobold brigand.
The kobold brigand is heavily wounded.
Casting: Magic Dart (safe; 2% risk of failure)
Confirm with . or Enter, or press ? or * to list all spells.
A tiny devil pulls itself out of the air.
The kobold brigand throws a poisoned dart.
The poisoned dart barely misses you.
Aiming: Magic Dart (safe; 2% risk of failure)
Press: ? - help, Q - select action, (/) - cycle Shift-Dir - straight line, f/p - kobold brigand
Aim: a kobold brigand, wielding a +0 whip and quivering poisoned darts (heavily wounded, ally target, 100% to hit)
The magic dart hits the kobold brigand but does no damage.
The kobold brigand is heavily wounded.
Your cerulean imp barely misses the kobold brigand.
Aiming: Magic Dart (safe; 2% risk of failure)
Press: ? - help, Q - select action, (/) - cycle Shift-Dir - straight line, f/p - kobold brigand
Aim: a kobold brigand, wielding a +0 whip and quivering poisoned darts (heavily wounded, ally target, 100% to hit)
The magic dart hits the kobold brigand.
The kobold brigand is severely wounded.
Your cerulean imp hits the kobold brigand but does no damage.
Aiming: Magic Dart (safe; 2% risk of failure)
Press: ? - help, Q - select action, (/) - cycle Shift-Dir - straight line, f/p - kobold brigand
Aim: a kobold brigand, wielding a +0 whip and quivering poisoned darts (severely wounded, ally target, 100% to hit)
The magic dart hits the kobold brigand.
The kobold brigand is severely wounded.
Your cerulean imp hits the kobold brigand with a -3 spear.
Aiming: Magic Dart (safe; 2% risk of failure)
Press: ? - help, Q - select action, (/) - cycle Shift-Dir - straight line, f/p - kobold brigand
Aim: a kobold brigand, wielding a +0 whip and quivering poisoned darts (almost dead, not watching you, ally target, 100% to hit)
The magic dart hits the kobold brigand.
You kill the kobold brigand!
You hear a splash. x2
Your Spellcasting skill increases to level 4!
Your Conjurations skill increases to level 4!
Your Hexes skill increases to level 4!
Your Summonings skill increases to level 4!
Your Necromancy skill increases to level 4!
Your Translocations skill increases to level 4!
Your Transmutations skill increases to level 4!
Your Fire Magic skill increases to level 4!
Your Ice Magic skill increases to level 4!
Your Air Magic skill increases to level 4!
Your Earth Magic skill increases to level 4!
Your Poison Magic skill increases to level 4!
g - 13 poisoned darts (gained 7)
Things that are here:
a +0 whip; a kobold corpse Your cerulean imp disappears in a puff of smoke!
HP restored.
A jackal comes into view.
Aiming: Magic Dart (safe; 2% risk of failure)
Press: ? - help, Q - select action, (/) - cycle Shift-Dir - straight line, f - jackal
Aim: a jackal (asleep, 100% to hit)
The magic dart hits the jackal.
The jackal is severely wounded.
The jackal barks!
Aiming: Magic Dart (safe; 2% risk of failure)
Press: ? - help, Q - select action, (/) - cycle Shift-Dir - straight line, f/p - jackal
Aim: a jackal (severely wounded, 100% to hit)
The magic dart hits the jackal.
You kill the jackal!
Unknown command.
A rat comes into view.
Aiming: Magic Dart (safe; 2% risk of failure)
Press: ? - help, Q - select action, (/) - cycle Shift-Dir - straight line, f - rat
Aim: a rat (wandering, hasn't noticed you, 100% to hit)
The magic dart hits the rat but does no damage.
The rat splashes around in the water.
Unknown command.
You barely miss the rat. The rat bites you but does no damage.
You hit the rat but do no damage. The rat bites you but does no damage.
You hit the rat.
The rat is heavily wounded.
The rat bites you but does no damage.
You hit the rat but do no damage.
The rat is heavily wounded.
The rat splashes around in the water.
You closely miss the rat.
The rat is heavily wounded.
The rat splashes around in the water.
You hit the rat but do no damage.
The rat is heavily wounded.
The rat bites you.
You hit the rat.
You kill the rat!
No target in view!
Something bites the plant.
The plant begins to die.
A nearby plant withers and dies.
p - a green potion A kobold brigand comes into view.
It is wielding a +0 whip and quivering poisoned darts.
Casting: Magic Dart (safe; 2% risk of failure)
Confirm with . or Enter, or press ? or * to list all spells.
A tiny devil pulls itself out of the air.
Unknown command.
Aiming: Magic Dart (safe; 2% risk of failure)
Press: ? - help, Q - select action, (/) - cycle Shift-Dir - straight line, f - kobold brigand
Aim: a kobold brigand, wielding a +0 whip and quivering poisoned darts (asleep, 100% to hit)
The magic dart hits the kobold brigand but does no damage.
The kobold brigand shouts!
Aiming: Magic Dart (safe; 2% risk of failure)
Press: ? - help, Q - select action, (/) - cycle Shift-Dir - straight line, f/p - kobold brigand
Aim: a kobold brigand, wielding a +0 whip and quivering poisoned darts (ally target, 100% to hit)
The magic dart hits the kobold brigand.
The kobold brigand is lightly wounded.
Your cerulean imp completely misses the kobold brigand.
Your cerulean imp hits the kobold brigand with a -3 spear.
The kobold brigand throws a poisoned dart.
The poisoned dart hits your cerulean imp!
Your cerulean imp barely misses the kobold brigand.
The kobold brigand throws a poisoned dart.
The poisoned dart hits your cerulean imp!
Your cerulean imp is poisoned.
Your cerulean imp barely misses the kobold brigand.
The kobold brigand hits your cerulean imp with a +0 whip.
Your cerulean imp hits the kobold brigand with a -3 spear.
The river rat barely misses you.
Aiming: Magic Dart (safe; 2% risk of failure)
Press: ? - help, Q - select action, (/) - cycle Shift-Dir - straight line, f - river rat, p - kobold brigand
Aim: a river rat (100% to hit)
The magic dart hits the river rat.
The river rat is lightly wounded.
The kobold brigand throws a poisoned dart.
The poisoned dart hits your cerulean imp!
Your cerulean imp hits the kobold brigand with a -3 spear.
The river rat closely misses you.
Aiming: Magic Dart (safe; 2% risk of failure)
Press: ? - help, Q - select action, (/) - cycle Shift-Dir - straight line, f/p - river rat
Aim: a river rat (lightly wounded, 100% to hit)
The magic dart hits the river rat.
The river rat is moderately wounded.
The kobold brigand hits your cerulean imp with a +0 whip.
Your cerulean imp hits the kobold brigand but does no damage.
The river rat bites you!
Aiming: Magic Dart (safe; 2% risk of failure)
Press: ? - help, Q - select action, (/) - cycle Shift-Dir - straight line, f/p - river rat
Aim: a river rat (moderately wounded, 100% to hit)
The magic dart hits the river rat.
The river rat is heavily wounded.
The kobold brigand throws a poisoned dart.
The poisoned dart closely misses your cerulean imp.
The poisoned dart hits you!
Your cerulean imp hits the kobold brigand but does no damage.
The river rat bites you.
Aiming: Magic Dart (safe; 2% risk of failure)
Press: ? - help, Q - select action, (/) - cycle Shift-Dir - straight line, f/p - river rat
Aim: a river rat (moderately wounded, 100% to hit)
The magic dart hits the river rat.
The river rat is severely wounded.
The kobold brigand hits your cerulean imp with a +0 whip.
Your cerulean imp hits the kobold brigand but does no damage.
The river rat barely misses you.
Aiming: Magic Dart (safe; 2% risk of failure)
Press: ? - help, Q - select action, (/) - cycle Shift-Dir - straight line, f/p - river rat
Aim: a river rat (severely wounded, 100% to hit)
The magic dart hits the river rat but does no damage.
The river rat is severely wounded.
The kobold brigand splashes around in the water.
Your cerulean imp hits the kobold brigand but does no damage.
The river rat misses you.
Aiming: Magic Dart (safe; 2% risk of failure)
Press: ? - help, Q - select action, (/) - cycle Shift-Dir - straight line, f/p - river rat
Aim: a river rat (severely wounded, 100% to hit)
The magic dart hits the river rat.
You kill the river rat!
The kobold brigand throws a poisoned dart.
The poisoned dart hits your cerulean imp!
Your cerulean imp hits the kobold brigand but does no damage.
Your cerulean imp dies!
Your cerulean imp disappears in a puff of smoke!
Aiming: Magic Dart (safe; 2% risk of failure)
Press: ? - help, Q - select action, (/) - cycle Shift-Dir - straight line, f - kobold brigand
Aim: a kobold brigand, wielding a +0 whip and quivering poisoned darts (moderately wounded, 100% to hit)
The magic dart hits the kobold brigand but does no damage.
The kobold brigand is moderately wounded.
Casting: Magic Dart (safe; 2% risk of failure)
Confirm with . or Enter, or press ? or * to list all spells.
A tiny devil pulls itself out of the air.
Aiming: Magic Dart (safe; 2% risk of failure)
Press: ? - help, Q - select action, (/) - cycle Shift-Dir - straight line, f/p - kobold brigand
Aim: a kobold brigand, wielding a +0 whip and quivering poisoned darts (moderately wounded, ally target, 100% to hit)
The magic dart hits the kobold brigand.
The kobold brigand is moderately wounded.
Your cerulean imp barely misses the kobold brigand.
You hit the kobold brigand.
The kobold brigand is moderately wounded.
The kobold brigand splashes around in the water.
Your cerulean imp misses the kobold brigand.
You hit the kobold brigand.
The kobold brigand is moderately wounded.
The kobold brigand misses you.
Your cerulean imp closely misses the kobold brigand.
You hit the kobold brigand but do no damage.
The kobold brigand is moderately wounded.
Your cerulean imp hits the kobold brigand from afar with a -3 spear.
The kobold brigand closely misses you.
You barely miss the kobold brigand.
The kobold brigand is heavily wounded.
The kobold brigand hits you with a +0 whip.
Your cerulean imp barely misses the kobold brigand.
You hit the kobold brigand but do no damage.
The kobold brigand is heavily wounded.
Your cerulean imp barely misses the kobold brigand.
The kobold brigand misses you.
You closely miss the kobold brigand.
The kobold brigand is heavily wounded.
The kobold brigand hits you with a +0 whip.
Your cerulean imp barely misses the kobold brigand.
You hit the kobold brigand but do no damage.
The kobold brigand is heavily wounded.
Your cerulean imp barely misses the kobold brigand.
The kobold brigand closely misses you.
You closely miss the kobold brigand.
The kobold brigand is heavily wounded.
The kobold brigand hits you with a +0 whip!
* * * LOW HITPOINT WARNING * * *
Your cerulean imp misses the kobold brigand.
Aiming: Magic Dart (safe; 2% risk of failure)
Press: ? - help, Q - select action, (/) - cycle Shift-Dir - straight line, f/p - kobold brigand
Aim: a kobold brigand, wielding a +0 whip and quivering poisoned darts (heavily wounded, ally target, 100% to hit)
The magic dart hits the kobold brigand.
The kobold brigand is severely wounded.
* * * LOW HITPOINT WARNING * * *
Your cerulean imp hits the kobold brigand from afar with a -3 spear.
The kobold brigand splashes around in the water.
Aiming: Magic Dart (safe; 2% risk of failure)
Press: ? - help, Q - select action, (/) - cycle Shift-Dir - straight line, f/p - kobold brigand
Aim: a kobold brigand, wielding a +0 whip and quivering poisoned darts (severely wounded, ally target, 100% to hit)
The magic dart hits the kobold brigand but does no damage.
The kobold brigand is severely wounded.
* * * LOW HITPOINT WARNING * * *
The kobold brigand hits you with a +0 whip.
* * * LOW HITPOINT WARNING * * *
Your cerulean imp hits the kobold brigand from afar with a -3 spear.
You barely miss the kobold brigand.
The kobold brigand is almost dead.
Your cerulean imp hits the kobold brigand from afar with a -3 spear.
You closely miss the kobold brigand.
The kobold brigand is almost dead.
Your cerulean imp closely misses the kobold brigand.
The kobold brigand hits you with a +0 whip.
* * * LOW HITPOINT WARNING * * *
You closely miss the kobold brigand.
The kobold brigand is almost dead.
The kobold brigand closely misses you.
Your cerulean imp hits the kobold brigand with a -3 spear.
Unknown command.
Press: ? - help, v - describe, . - travel, g - get item
Here: a kobold brigand, wielding a +0 whip and quivering poisoned darts (almost dead, not watching you, ally target) Item here: a river rat corpse.
The floor.
Unknown command.
You closely miss the kobold brigand.
The kobold brigand is almost dead.
Your cerulean imp misses the kobold brigand.
The kobold brigand hits you with a +0 whip.
You die...

Skill      XL: |  1  2  3  4  5  6 |
---------------+-------------------+-----
Spellcasting   | 3 4 |  4.0
Conjurations   | 3 4 |  4.0
Hexes          | 3 4 |  4.0
Summonings     | 3 4 |  4.0
Necromancy     | 3 4 |  4.0
Translocations | 3 4 |  4.0
Transmutations | 3 4 |  4.0
Fire Magic     | 3 4 |  4.0
Ice Magic      | 3 4 |  4.0
Air Magic      | 3 4 |  4.0
Earth Magic    | 3 4 |  4.0
Poison Magic   | 3 4 |  4.0
Fighting       | 1 2 |  2.4
Stealth        | 2 |  2.8
Dodging        | 3 |  3.6

Action                     |  1- 3 |  4- 6 || total
---------------------------+-------+-------++-------
  Melee: Dagger            |    52 |    91 ||   143
         Punch             |     1 |       ||     1
   Cast: Magic Dart        |    83 |    77 ||   160
         Call Imp          |       |     7 ||     7
         Mephitic Cloud    |       |     1 ||     1
         Kiss of Death     |       |     1 ||     1
    Use: Potion            |     2 |       ||     2
 Armour: Robe              |    23 |    33 ||    56
  Dodge: Dodged            |    44 |    65 ||   109

Levels and vault maps discovered:
D:1:      onia_arrival_mini_maze_b, layout_rooms, basic_ecumenical_altar
D:2:      layout_rooms, minmay_ruptured
D:3:      layout_basic, gup_sewer_entry_glass
Sewer:    sewer_co_scattered_pipes

Notes
Turn   | Place    | Note
-------+----------+-------------------------------------------
     0 | D:1      | scionoferis the Djinni Hedge Wizard began the quest for the
                  | Orb.
     0 | D:1      | scionoferis set off with the following spells memorised:
                  | Magic Dart, Slow, Blink, Call Imp, Mephitic Cloud.
     0 | D:1      | Reached XP level 1. HP: 15/15 MP: 0/0
   105 | D:1      | Gained mutation: Your spells are a little easier to cast,
                  | but a little less powerful. [potion of mutation]
   105 | D:1      | Gained mutation: You are partially covered in iridescent
                  | scales. (AC +2) [potion of mutation]
   120 | D:1      | Reached skill level 3 in Spellcasting
   120 | D:1      | Reached skill level 3 in Conjurations
   120 | D:1      | Reached skill level 3 in Hexes
   120 | D:1      | Reached skill level 3 in Summonings
   120 | D:1      | Reached skill level 3 in Necromancy
   120 | D:1      | Reached skill level 3 in Translocations
   120 | D:1      | Reached skill level 3 in Transmutations
   120 | D:1      | Reached skill level 3 in Fire Magic
   120 | D:1      | Reached skill level 3 in Ice Magic
   120 | D:1      | Reached skill level 3 in Air Magic
   120 | D:1      | Reached skill level 3 in Earth Magic
   120 | D:1      | Reached skill level 3 in Poison Magic
   127 | D:1      | Reached XP level 2. HP: 16/22 MP: 0/0
   318 | D:1      | Reached XP level 3. HP: 21/26 MP: 0/0
   318 | D:1      | Learned a level 1 spell: Kiss of Death
   552 | D:1      | Found a faded altar of an unknown god.
   570 | D:1      | Reached skill level 1 in Fighting
   570 | D:1      | Reached skill level 2 in Stealth
   954 | D:2      | Reached XP level 4. HP: 29/32 MP: 0/0
  1212 | D:3      | Found a glowing drain.
  1280 | Sewer    | Entered a sewer
  1336 | Sewer    | Reached skill level 3 in Dodging
  1360 | Sewer    | Reached XP level 5. HP: 21/35 MP: 0/0
  1360 | Sewer    | Learned a level 2 spell: Static Discharge
  1578 | Sewer    | Noticed a kobold brigand
  1642 | Sewer    | Killed a kobold brigand
  1643 | Sewer    | Reached skill level 2 in Fighting
  1643 | Sewer    | Reached XP level 6. HP: 28/43 MP: 0/0
  1771 | Sewer    | Reached skill level 4 in Spellcasting
  1771 | Sewer    | Reached skill level 4 in Conjurations
  1771 | Sewer    | Reached skill level 4 in Hexes
  1771 | Sewer    | Reached skill level 4 in Summonings
  1771 | Sewer    | Reached skill level 4 in Necromancy
  1771 | Sewer    | Reached skill level 4 in Translocations
  1771 | Sewer    | Reached skill level 4 in Transmutations
  1771 | Sewer    | Reached skill level 4 in Fire Magic
  1771 | Sewer    | Reached skill level 4 in Ice Magic
  1771 | Sewer    | Reached skill level 4 in Air Magic
  1771 | Sewer    | Reached skill level 4 in Earth Magic
  1771 | Sewer    | Reached skill level 4 in Poison Magic
  1915 | Sewer    | HP: 1/45 [kobold brigand/+0 whip (5)]
  1917 | Sewer    | Slain by a kobold brigand

Vanquished Creatures
  A kobold brigand (Sewer)
  6 adders (D:2 D:3 Sewer)
  2 river rats (Sewer)
  4 bats (D:1)
  5 endoplasms (D:1 D:3)
  5 giant cockroaches (D:1 D:3)
  5 hobgoblins (D:1 D:2)
  5 jackals (D:1 Sewer)
  4 kobolds (D:1 D:2 Sewer)
  2 quokkas (D:1 D:2)
  9 ball pythons (D:1 D:2 Sewer)
  4 frilled lizards (D:1 Sewer)
  3 goblins (D:1 D:2)
  9 rats (D:1 D:2 Sewer)
64 creatures vanquished.

Vanquished Creatures (collateral kills)
  A kobold brigand (Sewer)
  2 giant cockroaches (D:3)
  2 jackals (Sewer)
  A kobold (Sewer)
  2 rats (D:3 Sewer)
8 creatures vanquished.

Grand Total: 72 creatures vanquished

Table legend: (Time is in decaauts)
 A = Elapsed time spent in this place.
 B = Non-inter-level travel time spent in this place.
 C = Inter-level travel time spent in this place.
 D = Time resting spent in this place.
 E = Time spent auto-exploring this place.
 F = Levels seen in this place.
 G = Mean time per level.
                   A        B        C        D        E       F      G
               +--------+--------+--------+--------+--------+-----+--------+
         Total |   1916 |   1898 |     18 |    188 |   1095 |   4 |  479.0 |
       Dungeon |   1279 |   1261 |     18 |     72 |    831 |   3 |  426.3 |
         Sewer |    636 |    636 |      0 |    116 |    264 |   1 |  636.0 |
               +--------+--------+--------+--------+--------+-----+--------+

Top non-repeatable levels by time:
     D:1: 737 daAuts
   Sewer: 636 daAuts
     D:2: 474 daAuts
     D:3: 67 daAuts

Table legend:
 A = Non-vault XP
 B = Vault XP
 C = Vault XP percentage of total XP
 D = Non-vault monster count
 E = Vault monster count
 F = Vault count percentage of total count
                 A         B        C        D         E       F
            +---------+---------+-------+---------+---------+-------
      Total |      73 |     327 |  81.8 |      45 |      27 |  37.5
            +---------+---------+-------+---------+---------+-------
        D:1 |      55 |       2 |   3.5 |      34 |       1 |   2.9
        D:2 |      13 |      17 |  56.7 |       8 |       3 |  27.3
        D:3 |       5 |      17 |  77.3 |       3 |       3 |  50.0
      Sewer |       0 |     291 | 100.0 |       0 |      20 | 100.0
            +---------+---------+-------+---------+---------+-------
